 Dungeon Crawl Stone Soup version 0.31-a0-986-g5e6e4ef867 (webtiles) character file.

Game seed: 2349753629870455059

200 serber55 the Trooper (level 5, 40/42 HPs)
             Began as a Demonspawn Fighter on Nov 15, 2023.
             Quit the game on level 3 of the Dungeon.
             The game lasted 00:04:09 (1070 turns).

serber55 the Trooper (Demonspawn Fighter)           Turns: 1070, Time: 00:04:09

Health: 40/42      AC:  8    Str: 18    XL:     5   Next: 48%
Magic:  5/5        EV:  9    Int: 11    God:
Gold:   47         SH:  5    Dex: 13    Spells: 4/4 levels left

rFire   . . .        a - +0 long sword
rCold   . . .        c - +0 buckler
rNeg    + . .        b - +0 scale mail
rPois   .            (helmet restricted)
rElec   .            (no cloak)
rCorr   .            (no gloves)
SInv    .            q - +0 pair of boots
Will    .....        k - amulet of guardian spirit Stlth
                     h - ring of positive energy
HPRegen 0.27/turn    (no ring)
MPRegen 0.18/turn

%: guardian spirit
@: mighty
A: antennae 1, demonic guardian 1, magic regeneration, big brain 1
a: no special abilities


You were on level 3 of the Dungeon.
You visited 1 branch of the dungeon, and saw 4 of its levels.

You collected 47 gold pieces.

Inventory:

Hand Weapons
 a - a +0 long sword (weapon)
Armour
 b - a +0 scale mail (worn)
 c - a +0 buckler (worn)
 o - a +1 helmet
 q - a +0 pair of boots (worn)
Jewellery
 h - a ring of positive energy (left hand)
 k - an amulet of guardian spirit (around neck)
Wands
 l - a wand of charming (9)
Scrolls
 e - 2 scrolls of identify {unknown}
 f - a scroll of immolation {unknown}
 g - a scroll of teleportation {unknown}
 m - a scroll of fog {unknown}
 n - a scroll of vulnerability {unknown}
 p - a scroll of noise {unknown}
 r - a scroll of enchant armour {unknown}
Potions
 i - a potion of attraction {unknown}
 j - a potion of degeneration {unknown}
 s - a potion of lignification {unknown}


   Skills:
 + Level 3.8 Fighting
 * Level 3.6 Long Blades
 + Level 3.4 Armour
 + Level 3.4 Shields


You had 4 spell levels left.
You didn't know any spells.
Your spell library was empty.

Dungeon Overview and Level Annotations

Branches:
Dungeon (4/15)
 Temple: D:4-7

Altars:
Wu Jian
Yredelemnul


Innate Abilities, Weirdness & Mutations

You have a pair of small antennae on your head.
A weak demonic guardian rushes to your aid.
You regenerate magic rapidly.
You have an unusually large brain. (Int +2)


Message History

You fall into a shaft and drop 2 floors!
The shaft crumbles and collapses.
Found a basalt altar of Yredelemnul and an ornate altar of the Wu Jian Council.
Found an escape hatch in the ceiling.
Found a stone staircase leading up.
Found an escape hatch in the floor.
An orc comes into view. It is wielding a +0 short sword.
The orc shouts!
You slash the orc!
You kill the orc!
Things that are here:
a +0 short sword; an orc corpse
There is a stone staircase leading up here.
You climb upwards.
Sigmund shouts!
Found 24 gold pieces.
There is a stone staircase leading down here.
Unknown command.
Okay, then.
You feel very mighty all of a sudden. Sigmund barely misses you.
Found 15 gold pieces.
You see here 17 gold pieces.
You slash Sigmund!
Sigmund is severely wounded.
Sigmund barely misses you.
You closely miss Sigmund.
Sigmund is heavily wounded.
Sigmund points at you and mumbles some strange words.
The magic dart hits you.
You slash Sigmund!
You kill Sigmund!
Your Long Blades skill increases to level 3!
You have reached level 4!
You feel agile.
Your demonic ancestry asserts itself...
Your magic begins to regenerate rapidly.
You have reached level 5!
Your demonic ancestry asserts itself...
A pair of antennae grows on your head!
Your +1 helmet falls away!
Are you sure you want to abandon this character and quit the game? (Confirm with "yes".)

..# #.###
....# #.#.#
....# #...#
#.).#
###@..####.
#..>......$
#.###.#####
#.. $..
#.## ###
#.# #.# ..#
..#


There were no monsters in sight!

Vanquished Creatures
  Sigmund (D:3)
  2 dart slugs (D:1)
  An orc (D:4)
  5 ball pythons
  4 endoplasms
  2 giant cockroaches (D:2)
  5 goblins
  7 hobgoblins
  4 quokkas
  2 frilled lizards (D:1)
  3 kobolds
  3 rats (D:2)
39 creatures vanquished.

Notes
Turn   | Place    | Note
-------+----------+-------------------------------------------
     0 | D:1      | serber55 the Demonspawn Fighter began the quest for the
                  | Orb.
     0 | D:1      | Reached XP level 1. HP: 18/18 MP: 1/1
   145 | D:1      | Gained mutation: A weak demonic guardian rushes to your
                  | aid. [demonic ancestry]
   145 | D:1      | Reached XP level 2. HP: 24/24 MP: 2/2
   693 | D:2      | Gained mutation: You have an unusually large brain. (Int
                  | +2) [demonic ancestry]
   693 | D:2      | Reached XP level 3. HP: 25/29 MP: 1/3
   745 | D:2      | Identified the +2 robe of Egalitarianism {rPois rC- Regen+
                  | rCorr}
  1047 | D:2      | You fall into a shaft and drop 2 floors!
  1047 | D:4      | Found a basalt altar of Yredelemnul.
  1047 | D:4      | Found an ornate altar of the Wu Jian Council.
  1060 | D:3      | Noticed Sigmund
  1069 | D:3      | Killed Sigmund
  1070 | D:3      | Gained mutation: You regenerate magic rapidly. [demonic
                  | ancestry]
  1070 | D:3      | Reached XP level 4. HP: 35/37 MP: 4/4
  1070 | D:3      | Gained mutation: You have a pair of small antennae on your
                  | head. [demonic ancestry]
  1070 | D:3      | Reached XP level 5. HP: 40/42 MP: 5/5
  1070 | D:3      | Quit the game

Illustrated notes

Levels and vault maps discovered:
D:1:      eino_arrival_water_star, layout_basic
D:2:      layout_loops_ring
D:3:      layout_loops_ring, makhleb_altar_promises_db,
          chequers_ecumenical_altar_simple, uniq_sigmund
D:4:      layout_basic, nicolae_overflow_hidden_temple,
          minmay_temple_entry_mini_moons, gammafunk_ghost_split

Skill      XL: |  1  2  3 |
---------------+----------+-----
Long Blades    | 2 3 |  3.6
Shields        | 3 |  3.4
Armour         | 3 |  3.4
Fighting       | |  3.8

Action                     |  1- 3 |  4- 6 || total
---------------------------+-------+-------++-------
  Melee: Long sword        |   120 |       ||   120
    Use: Potion            |     1 |       ||     1
 Armour: Scale mail        |    89 |       ||    89
  Dodge: Dodged            |    30 |       ||    30
  Block: Buckler           |    18 |       ||    18

Table legend: (Time is in decaauts)
 A = Elapsed time spent in this place.
 B = Non-inter-level travel time spent in this place.
 C = Inter-level travel time spent in this place.
 D = Time resting spent in this place.
 E = Time spent auto-exploring this place.
 F = Levels seen in this place.
 G = Mean time per level.
                   A        B        C        D        E       F      G
               +--------+--------+--------+--------+--------+-----+--------+
         Total |   1108 |   1091 |     17 |     45 |    724 |   4 |  277.0 |
       Dungeon |   1108 |   1091 |     17 |     45 |    724 |   4 |  277.0 |
               +--------+--------+--------+--------+--------+-----+--------+

Top non-repeatable levels by time:
     D:1: 695 daAuts
     D:2: 388 daAuts
     D:4: 13 daAuts
     D:3: 10 daAuts
